 Dungeon Crawl Stone Soup version 0.27-a0-1529-g1e82c303ef (webtiles) character file.

Game seed: 10555972052936827762

108 Anon1729 the Digger (level 5, -3/28 HPs)
             Began as a Kobold Earth Elementalist on July 11, 2021.
             Killed from afar by an orc wizard (7 damage)
             ... with a magic dart
             ... on level 3 of the Dungeon.
             The game lasted 00:04:39 (4570 turns).

Anon1729 the Digger (Kobold Earth Elementalist)     Turns: 4570, Time: 00:04:40

Health: -3/28      AC:  2    Str:  5    XL:     5   Next: 12%
Magic:  8/9        EV: 15    Int: 17    God:
Gold:   160        SH:  0    Dex: 16    Spells: 3/9 levels left

rFire    . . .     SeeInvis .   f - +0 short sword
rCold    . . .     Faith    .   (shield restricted)
rNeg     . . .     Spirit   .   b - +0 robe
rPois    .         Reflect  .   (no helmet)
rElec    .         Harm     .   (no cloak)
rCorr    .         Rampage  .   (no gloves)
Will     .....                  (no boots)
Stlth    ++++......             (no amulet)
HPRegen  0.09/turn              (no ring)
MPRegen  0.11/turn              (no ring)

@: no status effects
A: small, no large weapons, nightstalker 3
a: no special abilities


You were on level 3 of the Dungeon.
You visited 1 branch of the dungeon, and saw 3 of its levels.
You also visited: Sewer.

You collected 160 gold pieces.

Inventory:

Hand Weapons
 f - a +0 short sword (weapon)
Missiles
 c - 83 stones
Armour
 b - a +0 robe (worn)
Jewellery
 p - a +4 ring of evasion
Scrolls
 a - a scroll of blinking {unknown}
 e - 3 scrolls of identify {unknown}
 g - 5 scrolls of amnesia {unknown}
 i - a scroll of fog {unknown}
 l - 3 scrolls of teleportation {unknown}
 m - a scroll of fear {unknown}
 n - a scroll of noise {unknown}
Potions
 d - 2 potions of degeneration {unknown}
 h - a potion of haste {unknown}
 j - a potion of brilliance {unknown}
 k - 2 potions of flight
 o - a potion of invisibility {unknown}


   Skills:
 - Level 2.4 Dodging
 + Level 3.9 Stealth
 + Level 2.9 Spellcasting
 + Level 2.1 Transmutations
 * Level 4.1 Earth Magic


You had 3 spell levels left.
You knew the following spells:

 Your Spells              Type           Power      Damage    Failure   Level
a - Sandblast             Erth           32%        2d9       3%          1
b - Passwall              Tmut/Erth      10%        N/A       8%          2
c - Stone Arrow           Conj/Erth      18%        3d8       22%         3

Your spell library contained the following spells:

 Spells                   Type           Power      Damage    Failure   Level
 Magic Dart               Conj           8%         1d3       19%         1
 Searing Ray              Conj           4%         3d3       26%         2
 Petrify                  Tmut/Erth      13%        N/A       43%         4
 Fulminant Prism          Conj/Hex       1%         3d6       87%         4


Dungeon Overview and Level Annotations

Branches:
Dungeon (3/15)              Sewer (visited)

Altars:

Annotations:
D:3 Terence


Innate Abilities, Weirdness & Mutations

You are small and have problems with some larger weapons.
You are completely attuned to the shadows.


Message History

An orc comes into view. It is wielding a +0 whip.
The orc wizard misses you.
The blast of sand hits the orc wizard.
The orc wizard is severely wounded.
The orc wizard hits you with a +3 dagger of venom.
You are poisoned.
Casting: Sandblast (safe; 3% risk of failure)
Confirm with . or Enter, or press ? or * to list all spells.
Aiming: Sandblast (safe; 3% risk of failure)
Press: ? - help, Shift-Dir - straight line, f - orc wizard, p - orc wizard
Aim: an orc wizard, wielding a +3 dagger of venom and wearing a +0 robe (74% to hit)
The blast of sand misses the orc wizard.
You feel very sick.
The orc wizard hits you with a +0 dagger.
The orc wizard completely misses you. The orc misses you.
A hobgoblin comes into view.
You feel very sick.
Terence shouts, "Get ready for death!"
The orc wizard points at you and mumbles some strange words.
The puff of flame misses you.
You feel sick.
Found 14 gold pieces.
You feel sick.
The orc wizard hits you but does no damage.
The orc hits you with a +0 whip.
* * * LOW HITPOINT WARNING * * *
You feel sick.
Okay, then.
You feel sick.
You feel sick.
The orc wizard mumbles some strange words.
The orc wizard flickers and vanishes!
Deactivating autopickup; reactivate with Ctrl-A.
You feel sick.
You feel sick.
You are no longer poisoned.
Terence misses you.
The orc wizard points at you and mumbles some strange words.
The magic dart hits you!
You die...

#...).......####.#
#............ ##...≈≈≈....#
.............g.. #..≈≈≈≈≈...#
.###.#.##....... #..≈≈.≈≈.....
.###.#.......... #..≈≈≈≈≈...##
##..........#.o. #...≈≈≈....#
#.#...##...#o##. #..........#
#..#..##..#.{.#.
#..........#####..o#....#o.....
#####.........@.@g..#..#.....##
###########..##..##..##..#
#..##..##..# ..# #.....#..#...
.# #....#....#... ..# .##. #..


You could see Terence, an orc wizard and a hobgoblin.

Vanquished Creatures
  2 adders (D:2)
  A gnoll (D:1)
  2 worms (Sewer)
  A dart slug (D:1)
  A ball python (D:1)
  8 bats
  14 endoplasms
  2 giant cockroaches
  2 goblins (D:2)
  4 hobgoblins
  6 jackals
  5 kobolds
  2 quokkas (Sewer)
  4 frilled lizards
  13 rats
67 creatures vanquished.

Notes
Turn   | Place    | Note
-------+----------+-------------------------------------------
     0 | D:1      | Anon1729 the Kobold Earth Elementalist began the quest for
                  | the Orb.
     0 | D:1      | Reached XP level 1. HP: 10/10 MP: 3/3
   660 | D:1      | Reached XP level 2. HP: 8/15 MP: 1/5
  1118 | D:1      | You fall into a shaft and drop 1 floor!
  1481 | D:2      | Reached XP level 3. HP: 4/19 MP: 4/6
  1753 | D:2      | Learned a level 2 spell: Passwall
  1757 | D:2      | Learned a level 3 spell: Stone Arrow
  2143 | D:1      | Reached XP level 4. HP: 18/24 MP: 4/7
  3199 | D:3      | Found a glowing drain.
  3281 | Sewer    | Entered a sewer
  3499 | Sewer    | Reached skill level 4 in Earth Magic
  3998 | Sewer    | Reached XP level 5. HP: 19/28 MP: 9/9
  4550 | D:3      | Noticed Terence
  4570 | D:3      | Killed from afar by an orc wizard

Illustrated notes

Levels and vault maps discovered:
D:1:      minmay_arrival_glassed_features, layout_basic, minmay_rat_gold_closets
D:2:      layout_basic
D:3:      layout_rooms, dancing_weapons_uskayaw, portal_sewer_entry_a,
          minivault_26, hangedman_abyss_or_decor_stabs, grunt_ministairs_1,
          uniq_crazy_yiuf_cottage, uniq_ijyb, uniq_terence

Skill      XL: |  1  2  3  4 |
---------------+-------------+-----
Stealth        | 3 |  3.9
Transmutations | 2 |  2.1
Earth Magic    | 4 |  4.1
Dodging        | |  2.4
Spellcasting   | |  2.9

Action                   |  1- 3 |  4- 6 || total
-------------------------+-------+-------++-------
Melee: Unarmed           |    77 |       ||    77
       Short sword       |    33 |   155 ||   188
 Cast: Sandblast         |    18 |    12 ||    30
  Use: Potion            |       |     1 ||     1
 Stab: Sleeping          |    11 |    10 ||    21
       Distracted        |     1 |       ||     1
Armor: Robe              |    11 |    31 ||    42
Dodge: Dodged            |    73 |   185 ||   258

Table legend: (Time is in decaauts)
 A = Elapsed time spent in this place.
 B = Non-inter-level travel time spent in this place.
 C = Inter-level travel time spent in this place.
 D = Time resting spent in this place.
 E = Time spent auto-exploring this place.
 F = Levels seen in this place.
 G = Mean time per level.
                   A        B        C        D        E       F      G
               +--------+--------+--------+--------+--------+-----+--------+
         Total |   4655 |   4603 |     52 |    910 |   3013 |   4 | 1163.8 |
       Dungeon |   3365 |   3313 |     52 |    330 |   2578 |   3 | 1121.7 |
         Sewer |   1289 |   1289 |      0 |    580 |    434 |   1 | 1289.0 |
               +--------+--------+--------+--------+--------+-----+--------+

Top non-repeatable levels by time:
     D:1: 2010 daAuts
   Sewer: 1289 daAuts
     D:2: 1111 daAuts
     D:3: 243 daAuts
